 Dungeon Crawl Stone Soup version 0.26.0-16-gc1dbca0489 (webtiles) character file.

Game seed: 13932610138667377711

45 thiole the Sneak (level 3, -2/21 HPs)
             Began as an Octopode Hedge Wizard on Jan 20, 2021.
             Slain by a hobgoblin
             ... wielding a cursed -1 club
             ... led by Robin
              (3 damage)
             ... on level 3 of the Dungeon.
             The game lasted 00:03:24 (1929 turns).

thiole the Sneak (Octopode Hedge Wizard)            Turns: 1929, Time: 00:03:25

Health: -2/21      AC:  1    Str:  9    XL:     3   Next: 64%
Magic:  3/7        EV: 13    Int: 17    God:
Gold:   84         SH:  0    Dex: 11    Spells: 2/8 levels left

rFire    . . .     SeeInvis .   a - +0 dagger
rCold    . . .     Faith    .   (no shield)
rNeg     . . .     Spirit   .   b - +0 hat
rPois    .         Reflect  .   (no amulet)
rElec    .         Harm     .   (no ring)
rCorr    .         Rampage  .   (no ring)
Will     .....                  (no ring)
Stlth    +++.......             (no ring)
HPRegen  0.07/turn              (no ring)
MPRegen  0.10/turn              (no ring)
                                (no ring)
                                (no ring)

@: attractive, hasted, very quick
A: almost no armour, stealthy swim, amphibious, 8 rings, constrict 8, camouflage
1, gelatinous body 1
a: no special abilities


You were on level 3 of the Dungeon.
You visited 1 branch of the dungeon, and saw 3 of its levels.

You collected 84 gold pieces.

Inventory:

Hand Weapons
 a - a +0 dagger (weapon)
 i - a +0 dagger of venom
Armour
 b - a +0 hat (worn)
Jewellery
 k - an uncursed amulet of the acrobat {unknown}
Scrolls
 d - a scroll of magic mapping {unknown}
 e - 4 scrolls of identify {unknown}
 f - a scroll of remove curse {unknown}
 g - a scroll of fog {unknown}
 h - a scroll of fear {unknown}


   Skills:
 - Level 2.0 Dodging
 * Level 3.3 Stealth
 + Level 3.3 Spellcasting
 - Level 2.0 Conjurations
 - Level 2.0 Summonings
 - Level 1.0 Translocations
 * Level 0.1 Air Magic


You had 2 spell levels left.
You knew the following spells:

 Your Spells              Type           Power        Failure   Level
a - Magic Dart            Conj           36%          8%          1
b - Call Imp              Summ           9%           12%         2
c - Mephitic Cloud        Conj/Pois/Air  5%           36%         3

Your spell library contained the following spells:

 Spells                   Type           Power        Failure   Level
 Blink                    Tloc           N/A          17%         2
 Slow                     Hex            2%           26%         2
 Conjure Flame            Conj/Fire      6%           34%         3


Dungeon Overview and Level Annotations

Branches:
Dungeon (3/15)

Altars:

Annotations:
D:3 2 transporters, Terence


Innate Abilities, Weirdness & Mutations

You cannot wear most types of armour.
You are very stealthy in the water. (Stealth+)
You are amphibious.
You can wear up to eight rings at the same time.
You can use your tentacles to constrict eight enemies at once.
Your skin changes colour to match your surroundings (Stealth+).
Your rubbery body absorbs attacks. (AC +1, EV +1)


Message History

The hobgoblin hits your white imp with a +0 club.
Your white imp gestures at the hobgoblin.
The puff of frost hits the hobgoblin!
The hobgoblin dies!
It was a potion of haste.
You feel yourself speed up.
You constrict Terence, but do no damage.
The hobgoblin barely misses you. Terence hits you with a +0 short sword.
* * * LOW HITPOINT WARNING * * *
The goblin hits your white imp but does no damage.
Your white imp hits the hobgoblin but does no damage.
The shadow imp sputters.
A goblin comes into view. It is wielding a +0 dagger.
The goblin is pulled toward you!
Unknown command.
You start putting on your amulet.
You continue putting on your thin jasper amulet.
You constrict Terence, but do no damage.
The hobgoblin hits you with a cursed -1 club.
Keep equipping yourself?
You die...

....##.....©.........(......
.....#.#########[...#......#
####.#.#8P.©.P8#.######...##
#.#.#P../..P#.#######.##
#.#.####+####.#.......#
#>..#K≈...≈.#...# #
##..#5≈...≈.#.###
#..#.≈≈≈≈≈o#@#
#..#.≈≈♣≈≈5#@#
##.#.≈≈≈P≈5#g# #.#.≈...≈.#g5
#.#.≈...≈.#)g.
.####+####g.## ..)..≈#.##
P$©$P8#.. #######..


You could see Terence, an orc priest, 2 shadow imps, a hobgoblin, 3 goblins and
a friendly white imp (summoned).

Vanquished Creatures
  2 dart slugs
  A giant cockroach (D:1)
  9 goblins
  4 hobgoblins
  3 jackals (D:2)
  3 kobolds (D:1)
  5 bats
  2 frilled lizards (D:3)
  6 rats
35 creatures vanquished.

Vanquished Creatures (collateral kills)
  2 goblins (D:3)
  A hobgoblin (D:3)
3 creatures vanquished.

Grand Total: 38 creatures vanquished

Notes
Turn   | Place    | Note
-------+----------+-------------------------------------------
     0 | D:1      | thiole the Octopode Hedge Wizard began the quest for the
                  | Orb.
     0 | D:1      | Reached XP level 1. HP: 11/11 MP: 4/4
   535 | D:1      | Reached XP level 2. HP: 17/17 MP: 4/6
  1183 | D:2      | Learned a level 2 spell: Call Imp
  1240 | D:2      | Reached XP level 3. HP: 21/21 MP: 2/7
  1244 | D:2      | Learned a level 3 spell: Mephitic Cloud
  1587 | D:2      | Noticed an ogre
  1853 | D:3      | Noticed a kobold demonologist
  1855 | D:3      | Found a transporter.
  1901 | D:3      | Noticed Terence
  1910 | D:3      | HP: 1/21 [Terence/+0 short sword (5)]
  1920 | D:3      | Found a transporter.
  1928 | D:3      | HP: 1/21 [Terence/+0 short sword (3)]
  1929 | D:3      | Slain by a hobgoblin

Illustrated notes

Levels and vault maps discovered:
D:1:      dpeg_arrival_circle_labyrinth_c, layout_basic, st_stairs_9
D:2:      layout_rooms, nicolae_overflow_hidden_temple
D:3:      gammafunk_wand_slinger, layout_rooms, uniq_robin, uniq_terence

Skill      XL: |  1  2  3 |
---------------+----------+-----
Stealth        | 3 |  3.3
Conjurations   | 2 |  2.0
Summonings     | 2 |  2.0
Dodging        | |  2.0
Spellcasting   | |  3.3
Translocations | |  1.0
Air Magic      | |  0.1

Action                   || total
-------------------------++-------
Melee: Dagger            ||    39
       Tentacles         ||     7
       Constrict         ||    13
 Cast: Magic Dart        ||    66
       Call Imp          ||     2
  Use: Potion            ||     3
 Stab: Sleeping          ||     2
Armor: Skin              ||     3
Dodge: Dodged            ||    14
